 Dungeon Crawl Stone Soup version 0.30.1 (webtiles) character file.

Game seed: 9740026768066103405

1157 sakkuzi the Slicer (level 8, -6/73 HPs)
             Began as a Minotaur Berserker on July 12, 2023.
             Was an Elder of Trog.
             Mangled by Prince Ribbit (14 damage)
             ... on level 5 of the Dungeon.
             The game lasted 00:11:30 (4783 turns).

sakkuzi the Slicer (Minotaur Berserker)             Turns: 4783, Time: 00:11:31

Health: -6/73      AC:  7    Str: 25    XL:     8   Next: 16%
Magic:  7/7        EV: 12    Int:  8    God:    Trog [****..]
Gold:   196        SH:  0    Dex: 17    Spells: 7/7 levels left

rFire   . . .        n - +4 short sword "Dafuf" {flame, rCorr Stlth+}
rCold   . . .        (no shield)
rNeg    + . .        G - +4 robe of Augmentation {Str+4 Int+4 Dex+4}
rPois   .            (helmet restricted)
rElec   .            (no cloak)
rCorr   +            c - +0 pair of gloves
SInv    .            (no boots)
Will    +....        (no amulet)
Stlth   +++          k - ring of willpower
HPRegen 0.32/turn    r - ring of positive energy
MPRegen 0.10/turn

%: no passive effects
@: on berserk cooldown, slowed, very slow
A: horns 2, retaliatory headbutt
a: Renounce Religion, Berserk, Trog's Hand, Brothers in Arms


You were on level 5 of the Dungeon.
You worshipped Trog.
Trog was greatly pleased with you.
You visited 1 branch of the dungeon, and saw 6 of its levels.
You also visited: Ossuary.

You collected 196 gold pieces.

Inventory:

Hand Weapons
 a - a +0 hand axe
 n - the +4 short sword "Dafuf" (weapon) {flame, rCorr Stlth+}
   (You found it on level 2 of the Dungeon)

   rCorr:     It protects you from acid and corrosion.
   Stlth:     It makes you more stealthy.
 w - a +2 falchion of holy wrath
Missiles
 d - 62 stones (quivered)
Armour
 c - a +0 pair of gloves (worn)
 o - a +0 chain mail
 G - the +4 robe of Augmentation (worn) {Str+4 Int+4 Dex+4}
   (You found it on level 5 of the Dungeon)

   Str:       It affects your strength (+4).
   Int:       It affects your intelligence (+4).
   Dex:       It affects your dexterity (+4).
Jewellery
 k - a ring of willpower (left hand)
 r - a ring of positive energy (right hand)
 s - a ring of magical power
 x - an amulet of regeneration
Wands
 v - a wand of mindburst (13)
Scrolls
 b - a scroll of silence {unknown}
 e - 11 scrolls of identify {unknown}
 f - 2 scrolls of enchant armour {unknown}
 l - a scroll of noise {unknown}
 m - 2 scrolls of amnesia {unknown}
 q - a scroll of vulnerability {unknown}
 t - a scroll of teleportation {unknown}
 y - a scroll of acquirement {unknown}
 B - a scroll of fear {unknown}
Potions
 g - 2 potions of invisibility {unknown}
 h - a potion of cancellation {unknown}
 i - 3 potions of lignification {unknown}
 j - a potion of degeneration {unknown}
 p - 2 potions of mutation {unknown}
 u - 5 potions of curing {unknown}
 z - a potion of heal wounds {unknown}
 A - a potion of brilliance {unknown}
 C - 2 potions of haste {unknown}
 D - a potion of magic {unknown}
 E - a potion of berserk rage {unknown}
 F - 2 potions of flight {unknown}


   Skills:
 + Level 7.5 Fighting
 * Level 8.2 Short Blades
 - Level 1.0(5.6) Long Blades
 - Level 4.2 Axes
 - Level 2.6 Armour
 - Level 2.3 Dodging


You had 7 spell levels left.
You didn't know any spells.
Your spell library was empty.

Dungeon Overview and Level Annotations

Branches:
Dungeon (6/15)            Ossuary (visited)
 Temple: D:4-7

Altars:

Shops:
D:2 !   D:4 (

Annotations:
D:4 1 runed translucent door, Arctor's ghost, amateur OpTm
D:5 Prince Ribbit


Innate Abilities, Weirdness & Mutations

You have a pair of horns on your head.
You reflexively headbutt those who attack you in melee.


Message History

You puncture the gnoll! You burn the gnoll.
You kill the gnoll!
Trog accepts your kill.
You see here a +0 club.
You feel a strong urge to attack something.
You see here a +0 club.
You feel your anger nearly subside.
You are no longer berserk.
You are exhausted.
You feel yourself slow down.
Found 7 stones.
Prince Ribbit hits you!
You barely miss Prince Ribbit.
Prince Ribbit blinks!
You closely miss Prince Ribbit. Prince Ribbit hits you!
You barely miss Prince Ribbit. You headbutt Prince Ribbit!
Prince Ribbit is moderately wounded.
Prince Ribbit hits you but does no damage.
You barely miss Prince Ribbit. You headbutt Prince Ribbit!
Prince Ribbit is heavily wounded.
Prince Ribbit hits you! x2
* * * LOW HITPOINT WARNING * * *
Prince Ribbit blinks!
Okay, then.
Okay, then.
You see here a +0 club.
Things that are here:
a +0 halberd; a gnoll corpse Prince Ribbit catches a small bird with his tongue.
Prince Ribbit blinks!
There is a stone staircase leading up, spattered with blood here.
Prince Ribbit hits you!
* * * LOW HITPOINT WARNING * * *
Prince Ribbit closely misses you. You furiously retaliate!
You headbutt Prince Ribbit. Prince Ribbit hits you!
* * * LOW HITPOINT WARNING * * *
You climb upwards.
There is a stone staircase leading down here.
Okay, then.
Prince Ribbit hits you.
* * * LOW HITPOINT WARNING * * *
Prince Ribbit hits you!
You die...

.# #.####...##..................
## #.# ###'#####.#######.#####.
#####.####....####.# #.#.....
......#............# #.#.....
#####.#.##......##########.#..##.
# #..#.##...............#...# #.
# #.##.##......########.#...# #.
####.##.######...##........#.# #.
.....##........#@##.####.#.#.###.
####.##.########.F>..............
..........#######..........#.###.
####.####.##........#####.##.##..
.................................
####.####.##.#............##.####
#.# #.##.####.##########)# #.#
#<##......# #.#
#.#######################.#


You could see Prince Ribbit.

Vanquished Creatures
  A troll (D:6)
  Sigmund (D:2)
  An elf zombie (Ossuary)
  4 scorpions
  A jelly (D:4)
  2 centaur zombies (Ossuary)
  2 hounds (D:4)
  An iguana (D:4)
  2 sleepcaps
  2 mummies (Ossuary)
  4 gnolls (D:6)
  7 adders
  An ufetubus (D:4)
  2 adder zombies (Ossuary)
  4 worms
  A dart slug (D:1)
  9 orcs
  5 ball pythons
  5 bats
  5 endoplasms
  4 giant cockroaches
  4 goblins
  11 hobgoblins
  A quokka (D:2)
  A frilled lizard (D:1)
  3 goblin zombies (Ossuary)
  11 hobgoblin zombies (Ossuary)
  A kobold (D:4)
  12 kobold zombies (Ossuary)
  4 orc zombies (Ossuary)
  7 rats
  A rat zombie (Ossuary)
120 creatures vanquished.

Notes
Turn   | Place    | Note
-------+----------+-------------------------------------------
     0 | D:1      | sakkuzi the Minotaur Berserker began the quest for the Orb.
     0 | D:1      | Reached XP level 1. HP: 19/19 MP: 0/0
   385 | D:1      | Reached XP level 2. HP: 27/27 MP: 1/1
   385 | D:1      | Found a faded altar of an unknown god.
   489 | D:1      | You fall into a shaft and drop 1 floor!
   528 | D:2      | Found Rixissu's Distillery.
   959 | D:2      | Identified the +4 short sword "Dafuf" {flame, rCorr Stlth+}
  1037 | D:2      | Noticed Sigmund
  1045 | D:2      | Killed Sigmund
  1046 | D:2      | Reached skill level 5 in Fighting
  1046 | D:2      | Reached skill level 4 in Short Blades
  1046 | D:2      | Reached XP level 3. HP: 36/36 MP: 2/2
  1046 | D:2      | Reached XP level 4. HP: 42/42 MP: 3/3
  1046 | D:2      | Reached XP level 5. HP: 48/48 MP: 4/4
  1536 | D:3      | Reached ** piety under Trog
  2241 | D:4      | Found a runed translucent door.
  2247 | D:4      | Reached XP level 6. HP: 52/56 MP: 5/5
  2251 | D:4      | Noticed Arctor's ghost (amateur OpTm)
  2263 | D:4      | Reached skill level 5 in Short Blades
  2786 | D:4      | Reached skill level 1 in Long Blades
  2786 | D:4      | Reached XP level 7. HP: 43/63 MP: 6/6
  2896 | D:4      | Reached skill level 6 in Short Blades
  2947 | D:4      | Found Sog Zos's Antique Weapon Shoppe.
  3254 | D:5      | Entered Level 5 of the Dungeon
  3649 | D:5      | Found a sand-covered staircase.
  3657 | Ossuary  | Entered an ossuary
  3679 | Ossuary  | Reached *** piety under Trog
  3898 | Ossuary  | Reached skill level 7 in Short Blades
  4011 | Ossuary  | Reached **** piety under Trog
  4048 | D:5      | Found the +4 robe of Augmentation {Str+4 Int+4 Dex+4}
  4418 | D:5      | Noticed a troll
  4455 | D:6      | Killed a troll
  4456 | D:6      | Reached skill level 8 in Short Blades
  4456 | D:6      | Reached XP level 8. HP: 71/73 MP: 7/7
  4743 | D:6      | Noticed Prince Ribbit
  4783 | D:5      | Mangled by Prince Ribbit

Illustrated notes

Levels and vault maps discovered:
D:1:      onia_arrival_pentagram, layout_basic,
          shapermc_ecumenical_altar_mp_ritualfount, minmay_tromino_v2
D:2:      layout_basic, serial_shops, nicolae_shop_statue_plus,
          kennysheep_pointless_box, uniq_sigmund
D:3:      layout_basic
D:4:      layout_loops_ring, serial_shops, nicolae_shop_dealshenge,
          ebering_ghost_sewer_d
D:5:      layout_basic, nicolae_ossuary_entry_plus
D:6:      layout_basic, nicolae_concentric_dashed_squares_wild, uniq_pikel,
          uniq_eustachio, uniq_menkaure, uniq_prince_ribbit1

Skill      XL: |  1  2  3  4  5  6  7 |
---------------+----------------------+-----
Axes           | 4 |  4.2
Fighting       | 5 6 7 |  7.5
Short Blades   | 4 5 8 |  8.2
Long Blades    | 1 |  1.0
Armour         | |  2.6
Dodging        | |  2.3

Action                     |  1- 3 |  4- 6 |  7- 9 || total
---------------------------+-------+-------+-------++-------
  Melee: Hand axe          |    37 |       |       ||    37
         Short sword       |    12 |   117 |   163 ||   292
         Headbutt          |     8 |    15 |    35 ||    58
         Punch             |       |     1 |     1 ||     2
         Falchion          |       |     5 |       ||     5
 Invoke: Berserk           |     1 |       |     2 ||     3
 Armour: Animal skin       |     8 |       |       ||     8
         Scale mail        |    16 |       |       ||    16
         Chain mail        |     3 |    47 |    44 ||    94
         Robe              |       |       |     3 ||     3
  Dodge: Dodged            |    24 |    56 |    48 ||   128
